 Dungeon Crawl Stone Soup version 0.20-a0-1124-g2e29d97 (webtiles) character file.

101 Naow the Firebug (level 4, -14/27 HPs)
             Began as an Octopode Fire Elementalist on May 16, 2017.
             Blown up by Ijyb (15 damage)
             ... with a wand of disintegration (?/24)
             ... on level 2 of the Dungeon.
             The game lasted 00:04:57 (2606 turns).

Naow the Firebug (Octopode Fire Elementalist)       Turns: 2606, Time: 00:04:58

Health: -14/27     AC:  1    Str:  7    XL:     4   Next: 75%
Magic:  2/8        EV: 13    Int: 18    God:
Gold:   96         SH:  0    Dex: 12    Spells: 3/9 levels left

rFire    . . .     SeeInvis .   k - +0 dagger
rCold    . . .     Gourm    .   (no shield)
rNeg     . . .     Faith    .   (helmet restricted)
rPois    .         Spirit   .   (no amulet)
rElec    .         Reflect  .   (no ring)
rCorr    .         Harm     .   (no ring)
MR       .....                  (no ring)
Stlth    +++.......             (no ring)
Regen    0.1/turn               (no ring)
MPRegen  0.2/turn               (no ring)
                                (no ring)
                                (no ring)

@: very slightly contaminated
A: almost no armour, stealthy swim, amphibious, 8 rings, constrict 8, camouflage
1, gelatinous body 1
a: no special abilities


You were on level 2 of the Dungeon.
You were very hungry.

You visited 1 branch of the dungeon, and saw 2 of its levels.

You collected 96 gold pieces.

Inventory:

Hand Weapons
 k - a +0 dagger (weapon)
Scrolls
 c - a scroll of recharging {unknown}
 d - 2 scrolls of identify {unknown}
 e - a scroll of enchant weapon {unknown}
 n - a scroll of amnesia {unknown}
 o - a scroll of magic mapping {unknown}
 q - a scroll of enchant armour {unknown}
Potions
 g - a potion of might {unknown}
 h - a potion of cancellation {unknown}
 i - a potion of ambrosia {unknown}
 l - a potion of heal wounds {unknown}
 m - a potion of curing {unknown}
 r - a potion of magic {unknown}
 s - a potion of haste {unknown}
Books
 a - a book of Flames

   Spells                             Type                      Level
   a - Flame Tongue                   Conjuration/Fire             1
   b - Throw Flame                    Conjuration/Fire             2
   c - Conjure Flame                  Conjuration/Fire             3
   d - Inner Flame                    Hexes/Fire                   3
   e - Sticky Flame                   Conjuration/Fire             4
   f - Fireball                       Conjuration/Fire             5
 j - a Grand Grimoire

   Spells                             Type                      Level
   a - Monstrous Menagerie            Summoning                    7
   b - Summon Greater Demon           Summoning                    7
   c - Malign Gateway                 Summoning/Translocation      7
   d - Summon Horrible Things         Summoning                    8
 t - a book of Misfortune

   Spells                             Type                      Level
   a - Confusing Touch                Hexes                        1
   b - Confuse                        Hexes                        3
   c - Gell's Gravitas                Translocation                3
   d - Petrify                        Transmutation/Earth          4
   e - Metabolic Englaciation         Hexes/Ice                    5
   f - Yara's Violent Unravelling     Hexes/Transmutation          5
Comestibles
 b - 2 bread rations
 f - 5 meat rations
 p - 3 fruits


   Skills:
 - Level 2.0 Dodging
 - Level 2.6 Stealth
 + Level 3.1 Spellcasting
 + Level 2.6 Conjurations
 + Level 3.7 Fire Magic


You had 3 spell levels left.
You knew the following spells:

 Your Spells              Type           Power        Failure   Level  Hunger
a - Flame Tongue          Conj/Fire      ##...        4%          1    None
b - Throw Flame           Conj/Fire      ##....       7%          2    ##.....
c - Conjure Flame         Conj/Fire      ##......     13%         3    ###....


Dungeon Overview and Level Annotations

Branches:
Dungeon (2/15)

Altars:
Gozag

Annotations:
D:2 Ijyb


Innate Abilities, Weirdness & Mutations

You cannot wear most types of armour.
You are very stealthy in the water. (Stealth+)
You are amphibious.
You can wear up to eight rings at the same time.
You can use your tentacles to constrict eight enemies at once.
Your skin changes colour to match your surroundings (Stealth+).
Your rubbery body absorbs attacks. (AC +1, EV +1)


Message History

You miscast Flame Tongue.
You are very lightly contaminated with residual magic.
You smell something strange.
The goblin shoots a stone.
The stone hits you.
Ijyb zaps a wand.
You are blasted!
Ouch! That really hurt!
* * * LOW HITPOINT WARNING * * *
It is a wand of disintegration (?/24).
Casting: Flame Tongue
Confirm with . or Enter, or press ? or * to list all spells.
Aiming: Flame Tongue
Press: ? - help, Shift-Dir - straight line, f/p - goblin
Aim: a goblin, wielding a hunting sling The flame tongue hits the goblin.
You kill the goblin!
Casting: Flame Tongue
Confirm with . or Enter, or press ? or * to list all spells.
You can't see any susceptible monsters within range! (Use Z to cast anyway.) Ijyb zaps a wand.
You are blasted!
Ouch! That really hurt!
You die...

#.## ...# ...#
8_8#### #######
####..# .[.....
......# .......
......# .......
......# .......##
####### ......#
.......@# #.....#
......#
........######.....#
......#
......).((..##.....#
......#
..........([.#.....#
......#
####8.....8#.......#
......#
#.......###.....##
....>##
#8...g.8#........#
.....##
#.......#........#
#.....###
###8....%8#........#


You could see Ijyb.

Vanquished Creatures
  A gnoll (D:1)
  3 adders (D:2)
  An ooze (D:1)
  4 dart slugs
  A leopard gecko (D:1)
  8 bats
  13 goblins
  6 hobgoblins
  A jackal (D:2)
  5 kobolds
  A quokka (D:2)
  A ball python (D:2)
  5 frilled lizards
  A rat (D:1)
51 creatures vanquished.

Notes
Turn   | Place    | Note
-------+----------+-------------------------------------------
     0 | D:1      | Naow the Octopode Fire Elementalist began the quest for the Orb.
     0 | D:1      | Reached XP level 1. HP: 11/11 MP: 3/3
    44 | D:1      | Noticed an iguana
    44 | D:1      | Noticed a lindwurm
    46 | D:1      | Noticed a redback
    46 | D:1      | Noticed a swamp drake
    73 | D:1      | Reached XP level 2. HP: 9/17 MP: 0/5
   575 | D:1      | Reached XP level 3. HP: 20/21 MP: 0/6
  1534 | D:2      | Noticed Ijyb
  1733 | D:1      | Reached XP level 4. HP: 24/27 MP: 5/8
  1795 | D:1      | Learned a level 2 spell: Throw Flame
  1897 | D:2      | Learned a level 3 spell: Conjure Flame
  2373 | D:2      | Found an opulent altar of Gozag.
  2603 | D:2      | HP: 1/27 [disintegration (16)]
  2606 | D:2      | Blown up by Ijyb

Vault maps used:
D:1:      onia_arrival_zoo_common, serial_park_tiny_pond
D:2:      kennysheep_the_goblin_king, grunt_gozag_breadcrumbs, minmay_distorted

Skill      XL: |  1  2  3 |
---------------+----------+-----
Conjurations   | 2 |  2.6
Spellcasting   | 3 |  3.1
Dodging        | |  2.0
Stealth        | |  2.6
Fire Magic     | |  3.7

Action                   |  1- 3 |  4- 6 || total
-------------------------+-------+-------++-------
Melee: Unarmed           |    12 |       ||    12
       Tentacles         |     3 |       ||     3
       Constrict         |     5 |     2 ||     7
       Dagger            |     2 |    11 ||    13
 Cast: Flame Tongue      |    49 |    35 ||    84
       Throw Flame       |       |     3 ||     3
 Stab: Sleeping          |       |     1 ||     1
  Eat: Chunk             |     3 |     1 ||     4
Armor: Skin              |     6 |     8 ||    14
Dodge: Dodged            |    28 |    47 ||    75
